 Dungeon Crawl Stone Soup version 0.20.1-1-g8b1a95d (webtiles) character file.

233 Pedason the Insei (level 5, -7/42 HPs)
             Began as a Draconian Transmuter on Dec 27, 2017.
             Mangled by Syndras's ghost (11 damage)
             ... on level 4 of the Dungeon.
             The game lasted 00:14:42 (3175 turns).

Pedason the Insei (Draconian Transmuter)            Turns: 3175, Time: 00:14:43

Health: -7/42      AC:  8    Str: 12    XL:     5   Next: 74%
Magic:  6/9        EV: 12    Int: 14    God:
Gold:   166        SH:  0    Dex: 12    Spells: 3/9 levels left

rFire    . . .     SeeInvis .     - Unarmed
rCold    . . .     Gourm    .   (no shield)
rNeg     . . .     Faith    .   (armour unavailable)
rPois    .         Spirit   .   (helmet restricted)
rElec    .         Reflect  .   (no cloak)
rCorr    .         Harm     .   j - +2 pair of gloves
MR       .....                  (no boots)
Stlth    ++........             (no amulet)
Regen    0.2/turn               (no ring)
MPRegen  0.2/turn               (no ring)

@: very slightly contaminated
A: unfitting armour, cold-blooded, AC +5
a: no special abilities


You were on level 4 of the Dungeon.
You were hungry.

You visited 1 branch of the dungeon, and saw 4 of its levels.

You collected 166 gold pieces.

Inventory:

Missiles
 a - 27 arrows
 m - 6 tomahawks (quivered)
Armour
 j - a +2 pair of gloves (worn)
Wands
 i - a wand of confusion (20/48)
 l - a wand of confusion (23/48)
Scrolls
 e - a scroll of magic mapping {unknown}
 n - a scroll of teleportation
Potions
 f - 3 potions of agility
 k - 4 potions of magic
 p - a potion of curing {unknown}
 q - 2 potions of cancellation {unknown}
 r - a potion of heal wounds {unknown}
Books
 b - a book of Changes

   Spells                             Type                      Level
   a - Beastly Appendage              Transmutation                1
   b - Sticks to Snakes               Transmutation                2
   c - Spider Form                    Transmutation/Poison         3
   d - Ice Form                       Ice/Transmutation            4
   e - Blade Hands                    Transmutation                5
 h - a book of Misfortune

   Spells                             Type                      Level
   a - Confusing Touch                Hexes                        1
   b - Confuse                        Hexes                        3
   c - Gell's Gravitas                Translocation                3
   d - Petrify                        Transmutation/Earth          4
   e - Metabolic Englaciation         Hexes/Ice                    5
   f - Yara's Violent Unravelling     Hexes/Transmutation          5
Comestibles
 c - 3 bread rations
 d - a meat ration
 g - 8 fruits
 o - a royal jelly


   Skills:
 + Level 2.5 Fighting
 - Level 1.7 Dodging
 + Level 1.1 Stealth
 * Level 4.5 Unarmed Combat
 + Level 2.7 Spellcasting
 * Level 3.6 Transmutations


You had 3 spell levels left.
You knew the following spells:

 Your Spells              Type           Power        Failure   Level  Hunger
a - Beastly Appendage     Tmut           ##....       4%          1    #......
b - Sticks to Snakes      Tmut           ##......     8%          2    ###....
c - Spider Form           Tmut/Pois      #.........   30%         3    ###....


Dungeon Overview and Level Annotations

Branches:
Dungeon (4/15)
 Temple: D:4-7

Altars:
Gozag

Shops:
D:3 *

Annotations:
D:4 Syndras's ghost, amateur GrGl


Innate Abilities, Weirdness & Mutations

Your plain brown scales are hard. (AC +5)
You cannot fit into any form of body armour.
You are cold-blooded and may be slowed by cold attacks.


Message History

You barely miss Syndras's ghost.
You claw Syndras's ghost, but do no damage.
Syndras's ghost is heavily damaged.
Your adder bites Syndras's ghost but does no damage.
Syndras's ghost hits you but does no damage.
You hit Syndras's ghost but do no damage.
Syndras's ghost is heavily damaged.
Your adder barely misses Syndras's ghost.
You completely miss Syndras's ghost.
Syndras's ghost is heavily damaged.
Your adder bites Syndras's ghost but does no damage.
Syndras's ghost hits you!
* * * LOW HITPOINT WARNING * * *
You barely miss Syndras's ghost.
You claw Syndras's ghost, but do no damage.
Syndras's ghost is heavily damaged.
Your talons disappear.
Your adder barely misses Syndras's ghost.
Syndras's ghost hits you!
You die...

.. .. .................. ..
#. #..####..###o#####
##.##' #. #####..# [....
#......# .... +......+ #..
#+## #..##..#
..###..###..############..#
..#
........'.................#
oo
........#.....@.S.........+
.
...##...##.....W..........#
. . #+####............#
#######..##### #+#


You could see Syndras's ghost and a friendly adder.

Vanquished Creatures
  A scorpion (D:3)
  A hound (D:4)
  A bullfrog skeleton (D:4)
  A worker ant (D:3)
  2 adders
  2 oozes (D:2)
  A worm (D:3)
  2 dart slugs
  2 leopard geckos
  An orc (D:4)
  7 bats
  5 giant cockroaches
  6 goblins
  11 hobgoblins
  3 jackals (D:1)
  10 kobolds
  A quokka (D:4)
  A ball python (D:2)
  6 frilled lizards
  6 rats
70 creatures vanquished.

Notes
Turn   | Place    | Note
-------+----------+-------------------------------------------
     0 | D:1      | Pedason the Draconian Transmuter began the quest for the Orb.
     0 | D:1      | Reached XP level 1. HP: 16/16 MP: 3/3
    83 | D:1      | Reached XP level 2. HP: 4/23 MP: 3/5
  1085 | D:2      | Reached XP level 3. HP: 27/28 MP: 6/6
  1089 | D:2      | Learned a level 2 spell: Sticks to Snakes
  1093 | D:2      | Learned a level 3 spell: Spider Form
  1665 | D:2      | Reached XP level 4. HP: 36/36 MP: 7/7
  2258 | D:3      | Found an opulent altar of Gozag.
  2264 | D:3      | Found Gozag's Platinum Reserve.
  2420 | D:3      | Reached skill level 4 in Unarmed Combat
  2861 | D:3      | Reached XP level 5. HP: 39/42 MP: 7/9
  2883 | D:4      | Noticed Syndras's ghost (amateur GrGl)
  2902 | D:3      | Reached skill level 1 in Stealth
  3175 | D:4      | Mangled by Syndras's ghost

Skill      XL: |  1  2  3  4  5 |
---------------+----------------+-----
Fighting       | 2 |  2.5
Transmutations | 3 |  3.6
Unarmed Combat | 4 |  4.5
Stealth        | 1 |  1.1
Dodging        | |  1.7
Spellcasting   | |  2.7

Action                   |  1- 3 |  4- 6 || total
-------------------------+-------+-------++-------
Melee: Unarmed           |   145 |   148 ||   293
       Tailslap          |    13 |    10 ||    23
       Headbutt          |     5 |     2 ||     7
       Punch             |     3 |     3 ||     6
       Kick              |       |    11 ||    11
 Cast: Beastly Appendage |     8 |     6 ||    14
       Sticks to Snakes  |       |     1 ||     1
  Use: Scroll            |     3 |     2 ||     5
 Stab: Sleeping          |       |     2 ||     2
  Eat: Chunk             |     3 |     4 ||     7
Armor: Skin              |    56 |    50 ||   106
Dodge: Dodged            |   106 |    84 ||   190
